 Dungeon Crawl Stone Soup version 0.30-a0-166-g5d06c95188 (webtiles) character file.

Game seed: 5447430641651696835

559 qw the Chopper (level 7, -3/44 HPs)
             Began as a Gargoyle Fighter on Sept 28, 2022.
             Slain by an iguana (10 damage)
             ... on level 4 of the Dungeon.
             The game lasted 00:01:14 (3605 turns).

qw the Chopper (Gargoyle Fighter)                   Turns: 3605, Time: 00:01:16

Health: -3/44      AC: 13    Str: 28    XL:     7   Next: 31%
Magic:  7/7        EV:  9    Int:  8    God:
Gold:   188        SH:  8    Dex:  9    Spells: 6/6 levels left

rFire   . . .      SeeInvis .    Y - +0 war axe
rCold   . . .      Faith    .    g - +0 kite shield
rNeg    + . .      Spirit   .    b - +0 scale mail
rPois   inf        Reflect  .    k - +0 helmet
rElec   +          Harm     .    (no cloak)
rCorr   .          Rampage  .    e - +0 pair of gloves
Will    +....                    (no boots)
Stlth   ..........               (no amulet)
HPRegen 0.14/turn                m - +6 ring of strength
MPRegen 0.10/turn                o - ring of willpower

@: no status effects
A: sickness immunity, AC +4, negative energy resistance 1, electricity
resistance, torment resistance 1, petrification resistance, subdued magic 1,
MP-powered wands
a: no special abilities


You were on level 4 of the Dungeon.
You visited 1 branch of the dungeon, and saw 4 of its levels.

You collected 188 gold pieces.


Innate Abilities, Weirdness & Mutations

You are immune to sickness and miasma.
Your stone body is resilient. (AC +4)
You are immune to poison.
You resist negative energy. (rN+)
You are resistant to electric shocks. (rElec)
You are resistant to unholy torment.
You are immune to petrification.
Your spells are a little easier to cast, but a little less powerful.
You expend magic power (3 MP) to strengthen your wands.


   Skills:
 - Level 4.6 Fighting
 - Level 5.2 Axes
 - Level 3.2 Armour
 - Level 1.9 Dodging
 + Level 5.0 Shields


You had 6 spell levels left.
You didn't know any spells.
Your spell library was empty.

Inventory:

Hand Weapons
 a - a +0 mace
 Y - a +0 war axe (weapon)
Armour
 b - a +0 scale mail (worn)
 c - a +2 robe of fire resistance
 e - a +0 pair of gloves (worn)
 g - a +0 kite shield (worn)
 k - a +0 helmet (worn)
Jewellery
 m - a +6 ring of strength (left hand)
 o - a ring of willpower (right hand)
Scrolls
 q - a scroll of acquirement {unknown}
Potions
 d - 4 potions of might
 f - a potion of invisibility {unknown}
 h - a potion of lignification {unknown}
 i - 4 potions of curing
 j - 3 potions of mutation
 l - a potion of attraction {unknown}
 n - a potion of haste {unknown}
 p - a potion of degeneration {unknown}

Dungeon Overview and Level Annotations

Branches:
Dungeon (4/15)
 Temple: D:4-7

Altars:
Uskayaw


Message History

You kill the ufetubus!
You start resting.
HP restored.
q - a scroll labelled PYSCHIRHEXU
Enter note: A giant cockroach comes into view.
The giant cockroach bites you but does no damage.
You hit the giant cockroach.
You kill the giant cockroach!
You now have 188 gold pieces (gained 7).
A centaur comes into view.
The centaur shouts!
The centaur wields a +2 shortbow of flaming.
It bursts into flame!
The centaur shoots an arrow.
You block the arrow.
The centaur shoots an arrow.
The arrow hits you! The arrow burns you.
An iguana comes into view.
The iguana hisses angrily.
The centaur shoots an arrow.
The arrow hits you. The arrow burns you.
The centaur shoots an arrow.
The arrow hits you! The arrow burns you.
The centaur unwields a +2 shortbow of flaming.
It stops flaming.
The centaur hits you but does no damage.
You block the centaur's attack.
You slash the centaur!
The centaur is heavily wounded.
You block the centaur's attack. x2; The centaur closely misses you.
You block the centaur's attack.
You slash the centaur!
You kill the centaur!
You hit the iguana. The iguana bites you!
A worm comes into view.
Your Fighting skill increases to level 4!
You slash the iguana!
The iguana is severely wounded.
You block the iguana's attack. The iguana barely misses you.
You barely miss the iguana.
The iguana is severely wounded.
The iguana bites you!
You die...

.....# #.#
#..........#
##.### #.#
#.#.....##.#
#.# #.#
#.##...## #
#.# #.# #
##.## ..#
#.# ##.##
### #.#
#...# #...#
#...# ##@##
#l).#
.....w.
#.#...###
......##
.......# #..
.#.##
#..#.#.


You could see a worm and an iguana.

Vanquished Creatures
  Sigmund (D:2)
  An ogre (D:3)
  A centaur (D:4)
  A jelly (D:4)
  Terence (D:3)
  Natasha (thrice) (D:2)
  2 adders (D:2)
  2 ufetubi (D:4)
  A worm (D:3)
  A dart slug (D:1)
  4 orcs (D:3)
  5 endoplasms
  6 giant cockroaches
  6 goblins
  3 hobgoblins
  6 jackals (D:2)
  7 kobolds
  2 quokkas
  10 ball pythons
  4 bats
  3 frilled lizards
  10 rats
80 creatures vanquished.

Notes
Turn   | Place    | Note
-------+----------+-------------------------------------------
     0 | D:1      | qw the Gargoyle Fighter began the quest for the Orb.
     0 | D:1      | Reached XP level 1. HP: 14/14 MP: 1/1
     0 | D:1      | 0 ||| qw: Version: 0.2-a-12-gaebbb33
     0 | D:1      | 0 ||| qw: Game counter: 967
     0 | D:1      | 0 ||| qw: Always use a shield: true
     0 | D:1      | 0 ||| qw: God list: Okawaru
     0 | D:1      | 0 ||| qw: Allow faded altars: false
     0 | D:1      | 0 ||| qw: Do Orc after D:15 true
     0 | D:1      | 0 ||| qw: Do second Lair branch before Depths: true
     0 | D:1      | 0 ||| qw: Lair rune preference: random
     0 | D:1      | 0 ||| qw: Plans: Normal, Zot:1-4, God:TSO, Crypt, Tomb,
                  | Pan, Slime:5, Hells, Abyss, Orb
     0 | D:1      | 0 ||| PLANNING D:1-11
    41 | D:1      | 41 ||| Stepping ~*~*~tactically~*~*~ (stealth).
    43 | D:1      | 43 ||| Stepping ~*~*~tactically~*~*~ (hiding).
   150 | D:1      | Reached XP level 2. HP: 19/19 MP: 2/2
   332 | D:1      | 332 ||| Stepping ~*~*~tactically~*~*~ (stealth).
   382 | D:1      | Found a faded altar of an unknown god.
   441 | D:1      | 441 ||| Stepping ~*~*~tactically~*~*~ (stealth).
   443 | D:1      | 443 ||| Stepping ~*~*~tactically~*~*~ (stealth).
   455 | D:1      | Reached skill level 3 in Axes
   565 | D:1      | Reached XP level 3. HP: 23/23 MP: 3/3
   681 | D:1      | 681 ||| UPGRADING to +0 pair of gloves.
   686 | D:1      | 686 ||| UPGRADING to +0 kite shield.
   696 | D:1      | 696 ||| DROPPING +0 buckler.
   697 | D:1      | 697 ||| DROPPING amulet of faith.
   698 | D:1      | 698 ||| UPGRADING to +6 ring of strength.
   699 | D:1      | 699 ||| UPGRADING to ring of willpower.
   700 | D:1      | 700 ||| READING scroll labelled DOHUTW FAIG.
   701 | D:1      | 701 ||| READING scroll labelled GOPLAC DUILEO.
   702 | D:1      | 702 ||| READING scroll labelled FIGROG NILAE.
   703 | D:1      | 703 ||| READING scroll labelled UGGUSE TOMU.
   704 | D:1      | 704 ||| DRINKING 3 sedimented puce potions.
   704 | D:1      | Gained mutation: You expend magic power (3 MP) to
                  | strengthen your wands. [potion of mutation]
   704 | D:1      | Gained mutation: Your spells are a little easier to cast,
                  | but a little less powerful. [potion of mutation]
   795 | D:2      | 795 ||| Stepping ~*~*~tactically~*~*~ (stealth).
  1004 | D:2      | Noticed Natasha
  1012 | D:2      | Killed Natasha
  1013 | D:2      | Reached XP level 4. HP: 14/28 MP: 4/4
  1093 | D:2      | Noticed Natasha
  1094 | D:2      | 1094 ||| Stepping ~*~*~tactically~*~*~ (hiding).
  1097 | D:2      | 1097 ||| Stepping ~*~*~tactically~*~*~ (hiding).
  1103 | D:2      | HP: 5/28 [Natasha (4)]
  1104 | D:2      | Killed Natasha
  1387 | D:2      | 1387 ||| FLEEEEING.
  1389 | D:2      | 1389 ||| FLEEEEING.
  1390 | D:2      | 1390 ||| FLEEEEING.
  1392 | D:2      | 1392 ||| FLEEEEING.
  1619 | D:2      | Noticed Sigmund
  1620 | D:2      | 1620 ||| Stepping ~*~*~tactically~*~*~ (hiding).
  1621 | D:2      | 1621 ||| Stepping ~*~*~tactically~*~*~ (hiding).
  1622 | D:2      | 1622 ||| Stepping ~*~*~tactically~*~*~ (hiding).
  1624 | D:2      | 1624 ||| Stepping ~*~*~tactically~*~*~ (hiding).
  1639 | D:2      | Noticed Natasha
  1640 | D:2      | 1640 ||| FLEEEEING.
  1642 | D:2      | HP: 7/28 [something/magic dart (9)]
  1646 | D:2      | 1646 ||| STAIRDANCE
  1873 | D:1      | 1873 ||| READING scroll labelled UCSUATAUCKU.
  1980 | D:2      | 1980 ||| STAIRDANCE
  2038 | D:2      | HP: 5/28 [something/puff of flame (6)]
  2040 | D:2      | Killed Sigmund
  2041 | D:2      | Reached XP level 5. HP: 5/32 MP: 5/5
  2041 | D:2      | Reached XP level 6. HP: 6/37 MP: 6/6
  2308 | D:2      | 2308 ||| Stepping ~*~*~tactically~*~*~ (stealth).
  2351 | D:2      | 2351 ||| Stepping ~*~*~tactically~*~*~ (stealth).
  2358 | D:2      | 2358 ||| Stepping ~*~*~tactically~*~*~ (stealth).
  2364 | D:2      | Killed Natasha
  2538 | D:2      | 2538 ||| UPGRADING to +0 helmet.
  2543 | D:2      | 2543 ||| READING scroll labelled IDEEPI DUQURE.
  2544 | D:2      | 2544 ||| DRINKING 2 lumpy white potions.
  2645 | D:3      | Noticed Terence
  2650 | D:3      | Killed Terence
  2665 | D:3      | 2665 ||| Stepping ~*~*~tactically~*~*~ (stealth).
  3019 | D:3      | 3019 ||| Stepping ~*~*~tactically~*~*~ (stealth).
  3026 | D:3      | 3026 ||| Stepping ~*~*~tactically~*~*~ (stealth).
  3030 | D:3      | 3030 ||| Stepping ~*~*~tactically~*~*~ (stealth).
  3074 | D:3      | Found a hide-covered altar of Uskayaw.
  3119 | D:3      | Reached skill level 1 in Dodging
  3201 | D:3      | Reached XP level 7. HP: 41/41 MP: 7/7
  3398 | D:4      | 3398 ||| Stepping randomly (stuck).
  3417 | D:4      | 3417 ||| Stepping ~*~*~tactically~*~*~ (stealth).
  3603 | D:4      | HP: 7/42 [iguana (7)]
  3605 | D:4      | Slain by an iguana

Levels and vault maps discovered:
D:1:      dpeg_arrival_ratfight, layout_rooms,
          hellmonk_ecumenical_altar_run_dry, corexii_hall_statues_t
D:2:      layout_basic, uniq_sigmund, uniq_natasha
D:3:      layout_loops_ring, nicolae_uskayaw_suspiria, minivault_14,
          hangedman_decor_diamond_cutter, uniq_terence
D:4:      layout_loops_ring, reono_crystal_passage

Skill      XL: |  1  2  3  4  5  6  7 |
---------------+----------------------+-----
Axes           | 2 3 5 |  5.2
Shields        | 4 5 |  5.0
Dodging        | 1 |  1.9
Fighting       | 4 |  4.6
Armour         | |  3.2

Action                   |  1- 3 |  4- 6 |  7- 9 || total
-------------------------+-------+-------+-------++-------
Melee: War axe           |    74 |   123 |    30 ||   227
  Use: Scroll            |     4 |     2 |       ||     6
       Potion            |     1 |     1 |       ||     2
Armor: Scale mail        |    31 |    47 |    11 ||    89
Dodge: Dodged            |    25 |    38 |    14 ||    77
Block: Buckler           |     3 |       |       ||     3
       Kite shield       |     7 |    51 |    28 ||    86

Table legend:
 A = Non-vault XP
 B = Vault XP
 C = Vault XP percentage of total XP
 D = Non-vault monster count
 E = Vault monster count
 F = Vault count percentage of total count
                 A         B        C        D         E       F
            +---------+---------+-------+---------+---------+-------
      Total |     509 |     290 |  36.3 |      72 |       8 |  10.0
            +---------+---------+-------+---------+---------+-------
        D:1 |      32 |       5 |  13.5 |      20 |       5 |  20.0
        D:2 |     131 |     249 |  65.5 |      23 |       2 |   8.0
        D:3 |     166 |      36 |  17.8 |      22 |       1 |   4.3
        D:4 |     180 |       0 |   0.0 |       7 |       0 |   0.0
            +---------+---------+-------+---------+---------+-------
